 Dungeon Crawl Stone Soup version 0.31-a0-542-gdc2a67831c (webtiles) character file.

Game seed: 12921614598158544661

296 Iich the Chopper (level 6, -6/48 HPs)
             Began as a Demonspawn Fighter on Aug 15, 2023.
             Killed from afar by Dowan (20 damage)
             ... with a shard of ice
             ... on level 4 of the Dungeon.
             The game lasted 00:04:59 (2937 turns).

Iich the Chopper (Demonspawn Fighter)               Turns: 2937, Time: 00:04:59

Health: -6/48      AC: 14    Str: 23    XL:     6   Next: 12%
Magic:  6/6        EV:  7    Int:  9    God:
Gold:   128        SH:  5    Dex: 20    Spells: 5/5 levels left

rFire   . . .        a - +0 war axe
rCold   . . .        c - +0 buckler
rNeg    . . .        f - +0 plate armour
rPois   .            (helmet restricted)
rElec   .            l - +0 cloak
rCorr   .            (no gloves)
SInv    .            (no boots)
Will    .....        (no amulet) Stlth
                     g - +6 ring of strength
HPRegen 0.28/turn    o - +6 ring of dexterity
MPRegen 0.10/turn

%: no passive effects
@: about to teleport
A: antennae 1, slimy green scales 1, spiny 1, demonic magic 1
a: no special abilities


You were on level 4 of the Dungeon.
You visited 1 branch of the dungeon, and saw 4 of its levels.

You collected 128 gold pieces.

Inventory:

Hand Weapons
 a - a +0 war axe (weapon)
Armour
 c - a +0 buckler (worn)
 f - a +0 plate armour (worn)
 l - a +0 cloak (worn)
 p - a +0 chain mail
Jewellery
 g - a +6 ring of strength (left hand)
 k - a ring of fire
 o - a +6 ring of dexterity (right hand)
Wands
 b - a wand of charming (7)
Scrolls
 e - a scroll of torment
 h - a scroll of revelation {unknown}
 i - a scroll of enchant armour {unknown}
 j - a scroll of immolation {unknown}
 q - a scroll of poison
 r - a scroll of identify {unknown}
 t - a scroll of teleportation
Potions
 d - a potion of might
 m - a potion of attraction
 n - 3 potions of resistance
 s - a potion of lignification {unknown}
 u - a potion of degeneration {unknown}


   Skills:
 + Level 4.2 Fighting
 * Level 4.3 Axes
 - Level 2.6 Armour
 + Level 2.5 Dodging
 - Level 2.6 Shields


You had 5 spell levels left.
You didn't know any spells.
Your spell library contained the following spells:

 Spells                   Type           Power      Damage    Failure   Level
 Summon Small Mammal      Summ           0%         N/A       100%        1
 Call Canine Familiar     Summ           0%         N/A       100%        3
 Portal Projectile        Hex/Tloc       0%         N/A       100%        3
 Summon Guardian Golem    Hex/Summ       0%         N/A       100%        3
 Leda's Liquefaction      Hex/Erth       0%         N/A       100%        4


Dungeon Overview and Level Annotations

Branches:
Dungeon (4/15)
 Temple: D:4-7

Altars:
Cheibriados

Annotations:
D:4 Dowan


Innate Abilities, Weirdness & Mutations

You have a pair of small antennae on your head.
You are partially covered in slimy green scales. (AC +2)
You are partially covered in sharp spines.
Spells you cast may paralyse adjacent enemies.


Message History

You hit Duvessa.
Duvessa is lightly wounded.
Duvessa is struck by your spines. Duvessa hits you with a +0 rapier!
You take 9 damage, and have 33/42 hp. !!!!--MASSIVE DAMAGE--!!!!
You hit Duvessa.
Duvessa is moderately wounded.
Duvessa barely misses you.
You barely miss Duvessa.
Duvessa is moderately wounded.
Duvessa is struck by your spines. Duvessa closely misses you.
You block Duvessa's attack.
You hit Duvessa.
Duvessa is heavily wounded.
Duvessa is struck by your spines. Duvessa hits you with a +0 rapier.
You take 4 damage, and have 30/42 hp.
You are too injured to fight recklessly!
Dowan shouts!
You slash Duvessa!
Duvessa is severely wounded.
You block Duvessa's attack.
You closely miss Dowan. You slash Duvessa!
You kill Duvessa!
Dowan screams, "No!
No!"
Dowan seems to find hidden reserves of power!
Dowan gestures at you while chanting. The stone arrow hits you!!
* * * LOW HITPOINT WARNING * * *
Dowan gestures wildly while chanting.
Dowan blinks!
Your Axes skill increases to level 4!
You have reached level 6!
Your demonic ancestry asserts itself...
A menacing aura infuses your magic.
You take 17 damage, and have 14/48 hp. !!!!--MASSIVE DAMAGE--!!!!
MP restored: 6
As you read the scroll of teleportation, it crumbles to dust.
You feel strangely unstable. Dowan gestures at you while chanting.
The shard of ice hits you!!
You die...

.. #. .. ... #.
... #.# ....
##..## .....
#....## #.....
#@.#####......
.###).##.e......
...##e...#
#.......##
##......#
##.....##
#..##..## ....
#.# ##..## ...#.
#.. ##...####.#
#.


You could see Dowan (fast).

Vanquished Creatures
  Duvessa (D:4)
  An orc priest (D:3)
  2 sleepcaps (D:3)
  4 adders
  A worm (D:3)
  5 orcs
  8 bats
  5 endoplasms
  3 giant cockroaches
  2 goblins
  6 hobgoblins
  7 jackals
  3 quokkas
  7 ball pythons
  7 frilled lizards
  7 kobolds
  3 rats
72 creatures vanquished.

Notes
Turn   | Place    | Note
-------+----------+-------------------------------------------
     0 | D:1      | Iich the Demonspawn Fighter began the quest for the Orb.
     0 | D:1      | Reached XP level 1. HP: 18/18 MP: 1/1
   140 | D:1      | Gained mutation: You are partially covered in slimy green
                  | scales. (AC +2) [demonic ancestry]
   140 | D:1      | Reached XP level 2. HP: 24/24 MP: 2/2
  1160 | D:2      | Reached skill level 1 in Dodging
  1162 | D:2      | Gained mutation: You are partially covered in sharp spines.
                  | [demonic ancestry]
  1162 | D:2      | Reached XP level 3. HP: 29/29 MP: 3/3
  1799 | D:3      | Gained mutation: You have a pair of small antennae on your
                  | head. [demonic ancestry]
  1799 | D:3      | Reached XP level 4. HP: 35/35 MP: 4/4
  1894 | D:3      | Identified the +0 ring mail of Autumn {Rampage Will+ Str-4
                  | Dex+3}
  1959 | D:3      | Reached XP level 5. HP: 28/42 MP: 5/5
  2388 | D:4      | Noticed Duvessa
  2390 | D:4      | Noticed Dowan
  2391 | D:4      | Found a snail-covered altar of Cheibriados.
  2579 | D:4      | Noticed a black bear
  2935 | D:4      | Killed Duvessa
  2936 | D:4      | Gained mutation: Spells you cast may paralyse adjacent
                  | enemies. [demonic ancestry]
  2936 | D:4      | Reached XP level 6. HP: 14/48 MP: 6/6
  2937 | D:4      | Killed from afar by Dowan

Illustrated notes

Levels and vault maps discovered:
D:1:      roderic_crop_circles_arrival_small, layout_loops_ring,
          patterned_corridor
D:2:      layout_basic
D:3:      layout_rooms
D:4:      layout_layer_cave, slow_altar_1, uniq_duvessa

Skill      XL: |  1  2  3  4  5 |
---------------+----------------+-----
Axes           | 2 3 4 |  4.3
Dodging        | 1 2 |  2.5
Fighting       | 4 |  4.2
Armour         | |  2.6
Shields        | |  2.6

Action                     |  1- 3 |  4- 6 || total
---------------------------+-------+-------++-------
  Melee: War axe           |   207 |    66 ||   273
    Use: Scroll            |     2 |     4 ||     6
         Potion            |     2 |       ||     2
 Armour: Scale mail        |    59 |       ||    59
         Chain mail        |     8 |       ||     8
         Plate armour      |     4 |    26 ||    30
  Dodge: Dodged            |    56 |    20 ||    76
  Block: Buckler           |    32 |    17 ||    49

Table legend: (Time is in decaauts)
 A = Elapsed time spent in this place.
 B = Non-inter-level travel time spent in this place.
 C = Inter-level travel time spent in this place.
 D = Time resting spent in this place.
 E = Time spent auto-exploring this place.
 F = Levels seen in this place.
 G = Mean time per level.
                   A        B        C        D        E       F      G
               +--------+--------+--------+--------+--------+-----+--------+
         Total |   3042 |   2978 |     64 |    409 |   1834 |   4 |  760.5 |
       Dungeon |   3042 |   2978 |     64 |    409 |   1834 |   4 |  760.5 |
               +--------+--------+--------+--------+--------+-----+--------+

Top non-repeatable levels by time:
     D:1: 1122 daAuts
     D:2: 720 daAuts
     D:3: 713 daAuts
     D:4: 486 daAuts
